 Dungeon Crawl Stone Soup version 0.27.1-1-g398f81649c (webtiles) character file.

Game seed: 16225815056344680166

298 acemry the Chopper (level 6, -3/51 HPs)
             Began as a Minotaur Fighter on Sept 5, 2021.
             Killed from afar by a steam dragon (18 damage)
             ... with a ball of steam
             ... on level 4 of the Dungeon.
             The game lasted 00:03:59 (3355 turns).

acemry the Chopper (Minotaur Fighter)               Turns: 3355, Time: 00:03:59

Health: -3/51      AC:  6    Str: 23    XL:     6   Next: 13%
Magic:  5/5        EV:  9    Int:  5    God:
Gold:   147        SH:  0    Dex:  9    Spells: 5/5 levels left

rFire    . . .     SeeInvis .   a - +1 war axe
rCold    . . .     Faith    .   (no shield)
rNeg     . . .     Spirit   .   b - +0 scale mail
rPois    .         Reflect  .   (helmet restricted)
rElec    .         Harm     .   (no cloak)
rCorr    .         Rampage  .   (no gloves)
Will     .....                  (no boots)
Stlth    ..........             (no amulet)
HPRegen  0.17/turn              (no ring)
MPRegen  0.09/turn              (no ring)

@: no status effects
A: horns 2, retaliatory headbutt
a: no special abilities


You were on level 4 of the Dungeon.
You visited 1 branch of the dungeon, and saw 4 of its levels.

You collected 147 gold pieces.

Inventory:

Hand Weapons
 a - a +1 war axe (weapon)
Armour
 b - a +0 scale mail (worn)
 c - a +0 kite shield
Wands
 o - a wand of flame (16)
Scrolls
 g - a scroll of magic mapping
 l - a scroll of vulnerability {unknown}
 m - a scroll of identify {unknown}
 n - a scroll of blinking
 q - a scroll of fog {unknown}
Potions
 d - a potion of might
 e - a potion of haste {unknown}
 f - a potion of experience {unknown}
 h - 3 potions of curing {unknown}
 i - 2 potions of invisibility {unknown}
 j - a potion of degeneration {unknown}
 k - 2 potions of heal wounds {unknown}
 p - a potion of attraction {unknown}
 r - 3 potions of lignification {unknown}


   Skills:
 - Level 3.6 Fighting
 + Level 7.9 Axes
 - Level 3.6 Armour
 - Level 3.6 Shields


You had 5 spell levels left.
You didn't know any spells.
Your spell library was empty.

Dungeon Overview and Level Annotations

Branches:
Dungeon (4/15)
 Temple: D:4-7

Altars:
Fedhas
Hepliaklqana

Shops:
D:2 =


Innate Abilities, Weirdness & Mutations

You have a pair of horns on your head.
You reflexively headbutt those who attack you in melee.


Message History

No reachable target in view!
You are engulfed in a cloud of scalding steam.
The steam dragon bites you.
The steam dragon claws you but does no damage.
You closely miss the steam dragon. The steam dragon bites you!
The steam dragon misses you.
You hit the steam dragon.
The steam dragon is lightly wounded.
The steam dragon breathes steam at you. The ball of steam hits you.
You hear a shout!
You closely miss the steam dragon.
The steam dragon is lightly wounded.
You are engulfed in a cloud of scalding steam.
The steam dragon bites you but does no damage.
The steam dragon claws you.
You slash the steam dragon!
You headbutt the steam dragon, but do no damage.
The steam dragon is moderately wounded.
You are engulfed in a cloud of scalding steam.
The steam dragon misses you. You furiously retaliate!
You headbutt the steam dragon! The steam dragon claws you.
* * * LOW HITPOINT WARNING * * *
You hit the steam dragon.
You headbutt the steam dragon, but do no damage.
The steam dragon is severely wounded.
You are engulfed in a cloud of scalding steam.
* * * LOW HITPOINT WARNING * * *
The steam dragon closely misses you. The steam dragon barely misses you.
Unknown command.
You closely miss the steam dragon.
The steam dragon is severely wounded.
The steam dragon bites you but does no damage.
The steam dragon closely misses you. The steam dragon barely misses you.
The steam dragon closely misses you.
You hit the steam dragon.
The steam dragon is severely wounded.
The steam dragon breathes steam at you. The ball of steam hits you!!
You die...

#####.# #...#.#
##...#.####
..........# ######
.......##.####....#
.................?##
##......#######'...#
##.....####⌠.⌠.#§#.#
#...).##.##...!#@# ..
..#.#[8...#._..#D# ##
###.#.....#....#..
..†.......#....#.#.
###.#.8...#._..#...#
#.#.##.##....#.. .
###.#..### ⌠.⌠.#.....
..#.#...#######+...)##
#.#................#


You could see a steam dragon (catching breath).

Vanquished Creatures
  An ogre (D:4)
  Natasha (D:3)
  Ijyb (D:3)
  7 adders
  A worm (D:3)
  6 dart slugs
  An orc (D:3)
  10 endoplasms
  4 giant cockroaches
  7 goblins
  9 hobgoblins
  4 jackals (D:3)
  7 kobolds
  A quokka (D:1)
  7 ball pythons
  6 bats
  6 frilled lizards
  5 rats
84 creatures vanquished.

Notes
Turn   | Place    | Note
-------+----------+-------------------------------------------
     0 | D:1      | acemry the Minotaur Fighter began the quest for the Orb.
     0 | D:1      | Reached XP level 1. HP: 19/19 MP: 0/0
    27 | D:1      | Reached skill level 3 in Axes
   235 | D:1      | Reached XP level 2. HP: 26/26 MP: 1/1
   422 | D:1      | Reached skill level 4 in Axes
   473 | D:1      | Reached XP level 3. HP: 29/31 MP: 2/2
   935 | D:2      | Found Bofaut's Jewellery Boutique.
   959 | D:2      | Reached skill level 5 in Axes
  1116 | D:2      | Found a faded altar of an unknown god.
  1222 | D:2      | Reached XP level 4. HP: 25/39 MP: 3/3
  1977 | D:3      | Noticed Ijyb
  1983 | D:3      | Killed Ijyb
  1984 | D:3      | Reached skill level 6 in Axes
  2293 | D:3      | Reached XP level 5. HP: 35/45 MP: 4/4
  2435 | D:3      | Noticed Natasha
  2446 | D:3      | Killed Natasha
  2824 | D:3      | Reached skill level 7 in Axes
  3190 | D:4      | Noticed an ogre
  3198 | D:4      | Killed an ogre
  3199 | D:4      | Reached XP level 6. HP: 33/51 MP: 5/5
  3313 | D:4      | Found a hazy altar of Hepliaklqana.
  3314 | D:4      | Found a blossoming altar of Fedhas.
  3344 | D:4      | Noticed a steam dragon
  3355 | D:4      | Killed from afar by a steam dragon

Illustrated notes

Levels and vault maps discovered:
D:1:      dpeg_arrival_leaves_temple_mockup, layout_basic,
          roderic_roman_lattice, minmay_misc_feat_ornament
D:2:      layout_loops_ring, serial_shops, shop,
          hellmonk_ecumenical_altar_blasted, grunt_ministairs_7, nrook_campfire
D:3:      layout_basic, uniq_natasha, uniq_ijyb
D:4:      layout_loops_ring, hangedman_ru_absence, lemuel_doored_altar,
          kennysheep_vampire_church, jmf_multi_god_temple,
          minmay_temple_entry_statues_fountains, kennysheep_diamond

Skill      XL: |  1  2  3  4  5 |
---------------+----------------+-----
Axes           | 3 4 5 6 7 |  7.9
Fighting       | |  3.6
Armour         | |  3.6
Shields        | |  3.6

Action                   |  1- 3 |  4- 6 || total
-------------------------+-------+-------++-------
Melee: War axe           |    83 |    98 ||   181
       Headbutt          |    10 |    17 ||    27
  Use: Scroll            |       |     5 ||     5
Armor: Scale mail        |    44 |    42 ||    86
Dodge: Dodged            |    39 |    48 ||    87
